 Dungeon Crawl Stone Soup version 0.32-a0-433-g08bcfe7efd (webtiles) character file.

Game seed: 10810831014801783308

1810637 whatisthis the Dwarven Barricade (level 23, 253/253 (259) HPs)
             Began as a Mountain Dwarf Cinder Acolyte on Feb 19, 2024.
             Was a Priest of Jiyva.
             Escaped with the Orb
             ... and 3 runes
             ... and 1 gem on Feb 22, 2024!
             The game lasted 03:37:16 (58609 turns).

whatisthis the Dwarven Barricade (MDCA)            Turns: 58609, Time: 03:37:16

HP:   253/253 (259) AC: 28    Str: 36    XL:     23   Next: 58%
MP:   33/33         EV: 15    Int: 15    God:    Jiyva [***...]
Gold: 480           SH: 24    Dex:  4    Spells: 24/24 levels left

rFire   + + +        X - +3 eveningstar (protect)
rCold   + + +        f - +2 tower shield {AC+3}
rNeg    . . .        Z - +0 gold dragon scales
rPois   +            q - +1 hat "Tisy" {rF+ rCorr Str+2}
rElec   +            Y - +2 cloak
rCorr   +            A - +1 pair of gloves
SInv    .            (boots unavailable)
Will    +....        d - amulet of Hike {Acrobat ^Drain rF+ MP+9 Slay+5} Stlth
                     F - ring "Meniydy" {rPois rC++ Will- EV+5 Str+3}
HPRegen 1.74/turn    U - ring "Hoischov" {rElec rF+ Slay+4 Stlth+}
MPRegen 0.79/turn

%: acrobat
@: studying 2 skills, lightly drained
A: runic magic, artefact enchanting, hooves 3, horns 1, sense surroundings 1,
robust 1, screaming 1, strong 1, gelatinous body 2, pseudopods 1, translucent
skin 3, jelly absorbing missiles, devolution 1
0: Orb of Zot
}: 3/15 runes: serpentine, barnacled, slimy
a: Renounce Religion, Oozemancy


You escaped.
You worshipped Jiyva.
Jiyva was most pleased with you.
You visited 11 branches of the dungeon, and saw 51 of its levels.
You visited 1 bazaar.
You also visited: Trove.

You collected 5225 gold pieces.
You spent 4745 gold pieces at shops.

Inventory:

Hand Weapons
 G - a +3 eveningstar of draining
 X - a +3 eveningstar of protection (weapon)
Missiles
 i - 8 throwing nets
 w - 7 curare-tipped darts
 R - 9 boomerangs (quivered)
Armour
 f - a +2 tower shield of protection (worn)
 k - a +2 plate armour of willpower
 q - the +1 hat "Tisy" (worn) {rF+ rCorr Str+2}
   (You found it on level 12 of the Dungeon)

   Str+2:     It affects your strength (+2).
   rF+:       It protects you from fire.
   rCorr:     It protects you from acid and corrosion.
 A - a +1 pair of gloves (worn)
 B - a +2 pair of boots
 Y - a +2 cloak (worn)
 Z - +0 gold dragon scales (worn)
Jewellery
 b - a ring of protection from cold
 d - the amulet of Hike (around neck) {Acrobat ^Drain rF+ MP+9 Slay+5}
   (You acquired it in a bazaar)

   [amulet of the acrobat]

   Acrobat:   It increases your evasion while moving and waiting.
   Slay+5:    It affects your accuracy & damage with ranged weapons and melee
   (+5).
   rF+:       It protects you from fire.
   MP+9:      It affects your magic capacity (+9).
   ^Drain:    It drains your maximum health when unequipped.
 l - an amulet of faith
 n - a ring of willpower
 o - the ring of Fatis {rPois rF+ Will+ EV+5 Stlth+}
   (You found it in a treasure trove)

   [ring of evasion]

   EV+5:      It affects your evasion (+5).
   rF+:       It protects you from fire.
   rPois:     It protects you from poison Will+: It increases your willpower.
   Stlth+:    It makes you more stealthy.
 t - a ring of protection from fire
 x - the ring of Raoh {+Blink rC++ MP+9 Int+3 SInv}
   (You found it in a treasure trove)

   [ring of magical power]

   Int+3:     It affects your intelligence (+3).
   rC++:      It greatly protects you from cold.
   MP+9:      It affects your magic capacity (+9).
   SInv:      It lets you see invisible.
   +Blink:    It lets you blink.
 y - a ring of willpower
 F - the ring "Meniydy" (left hand) {rPois rC++ Will- EV+5 Str+3}
   (You found it on level 5 of the Pits of Slime)

   [ring of evasion]

   EV+5:      It affects your evasion (+5).
   Str+3:     It affects your strength (+3).
   rC++:      It greatly protects you from cold.
   rPois:     It protects you from poison Will-: It decreases your willpower.
 L - a ring of flight
 U - the ring "Hoischov" (right hand) {rElec rF+ Slay+4 Stlth+}
   (You found it in a treasure trove)

   [ring of slaying]

   Slay+4:    It affects your accuracy & damage with ranged weapons and melee
   (+4).
   rF+:       It protects you from fire.
   rElec:     It insulates you from electricity.
   Stlth+:    It makes you more stealthy.
Wands
 C - a wand of mindburst (13)
 H - a wand of flame (12)
 N - a wand of iceblast (11)
 P - a wand of light (5)
 T - a wand of polymorph (4)
 V - a wand of digging (4)
Scrolls
 g - 2 scrolls of silence
 h - 4 scrolls of immolation
 r - 4 scrolls of butterflies
 D - 4 scrolls of fog
 E - 8 scrolls of fear
 Q - 12 scrolls of teleportation
 W - 10 scrolls of identify
Potions
 a - 4 potions of mutation
 c - a potion of invisibility
 e - 6 potions of heal wounds
 j - 9 potions of curing
 m - 3 potions of berserk rage
 p - 2 potions of enlightenment
 s - a potion of haste
 u - 3 potions of ambrosia
 I - a potion of cancellation
 J - 5 potions of brilliance
 K - 2 potions of might
 M - a potion of magic
 O - 5 potions of lignification
 S - a potion of resistance


   Skills:
 - Level 26.0 Fighting
 - Level 19.2 Maces & Flails
 + Level 11.6 Throwing
 + Level 18.5 Armour
 O Level 27 Shields
 - Level 1.0 Spellcasting
 - Level 3.6 Fire Magic


You had 24 spell levels left.
You didn't know any spells.
Your spell library contained the following spells:

 Spells                   Type           Power      Damage    Failure   Level
 Scorch                   Fire           22%        2d5       14%         2
 Magic Dart               Conj           0%         1d3       38%         1
 Shock                    Conj/Air       0%         1d3       38%         1
 Lesser Beckoning         Tloc           0%         N/A       52%         2
 Mercury Vapours          Alch/Air       0%         N/A       52%         2
 Searing Ray              Conj           0%         2d4       52%         2
 Static Discharge         Conj/Air       0%         3-3/arc   52%         2
 Frozen Ramparts          Ice            0%         1d1       77%         3
 Gell's Gravitas          Tloc           0%         N/A       77%         3
 Hailstorm                Conj/Ice       0%         3d5       77%         3
 Summon Ice Beast         Ice/Summ       0%         N/A       77%         3
 Swiftness                Air            0%         N/A       77%         3
 Teleport Other           Tloc           0%         N/A       77%         3
 Flame Wave               Conj/Fire      6%         2d5       89%         4
 Sticky Flame             Fire/Alch      6%         2d4       89%         4
 Airstrike                Air            0%         2d(0-16)  99%         4
 Anguish                  Hex/Necr       0%         N/A       99%         4
 Animate Armour           Summ/Erth      0%         N/A       99%         4
 Animate Dead             Necr           0%         N/A       99%         4
 Brom's Barrelling Bould  Conj/Erth      0%         2d3       99%         4
 Cause Fear               Hex            0%         N/A       99%         4
 Fulminant Prism          Conj/Alch      0%         3d5       99%         4
 Leda's Liquefaction      Alch/Erth      0%         N/A       99%         4
 Manifold Assault         Tloc           0%         N/A       99%         4
 Olgreb's Toxic Radiance  Alch           0%         N/A       99%         4
 Passage of Golubria      Tloc           0%         N/A       99%         4
 Petrify                  Alch/Erth      0%         N/A       99%         4
 Summon Lightning Spire   Summ/Air       0%         N/A       99%         4
 Vhi's Electric Charge    Tloc/Air       0%         N/A       99%         4
 Fireball                 Conj/Fire      3%         3d4       99%         5
 Alistair's Intoxication  Alch           0%         N/A       100%        5
 Arcjolt                  Conj/Air       0%         1d10      100%        5
 Iskenderun's Battlesphe  Conj           0%         2d6       100%        5
 Metabolic Englaciation   Hex/Ice        0%         N/A       100%        5
 Silence                  Hex/Air        0%         N/A       100%        5
 Conjure Ball Lightning   Conj/Air       0%         3x3d6     100%        6
 Dispersal                Tloc           0%         N/A       100%        6
 Sculpt Simulacrum        Ice/Alch       0%         N/A       100%        6
 Summon Cactus Giant      Summ           0%         N/A       100%        6
 Enfeeble                 Hex            0%         N/A       100%        7
 Haunt                    Necr/Summ      0%         N/A       100%        7
 Orb of Destruction       Conj           0%         9d5       100%        7
 Ozocubu's Refrigeration  Ice            0%         4d7       100%        7
 Discord                  Hex            0%         N/A       100%        8
 Disjunction              Tloc           0%         N/A       100%        8
 Infestation              Necr           0%         N/A       100%        8
 Lehudib's Crystal Spear  Conj/Erth      0%         10d2      100%        8
 Maxwell's Capacitive Co  Air            0%         ∞         100%        8
 Polar Vortex             Ice            0%         N/A       100%        9


Dungeon Overview and Level Annotations

Branches:
Dungeon (15/15)            Temple (1/1) D:6            Lair (5/5) D:9
 Shoals (4/4) Lair:2        Snake (4/4) Lair:3        Slime (5/5) Lair:4
    Orc (2/2) D:11            Elf (2/3) Orc:2        Vaults (4/5) D:14
  Crypt (0/3) Vaults:3     Depths (4/4) D:15            Zot (5/5) Depths:4

Altars:
Ashenzari
Cheibriados
Dithmenos
Elyvilon
Fedhas
Gozag
Hepliaklqana
Kikubaaqudgha
Makhleb
Nemelex Xobeh
Okawaru
Qazlal
Ru
Sif Muna
Trog
Uskayaw
Vehumet
Wu Jian
Xom
Yredelemnul
Zin
The Shining One
Jiyva

Shops:
D:9 *[   D:10 ?   D:11 (!*?   Orc:2 *[(*   Elf:1 :   Shoals:1 *   Snake:4 !
Vaults:2 ([=(   Vaults:3 [   Depths:2 *   Depths:3 !   Depths:4 =[

Portals:
Hell: Depths:1 Depths:2 Depths:3 Depths:4
Abyss: Depths:1 Depths:3
Pandemonium: Depths:2 Depths:4
Ziggurat: Depths:2

Annotations:
D:12 1 runed translucent door, 2 transporters
Lair:2 exclusion: merfolk
Shoals:1 4 transporters
Slime:5 Royal Jelly
Elf:1 1 runed translucent door, Roxanne
Elf:2 5 runed translucent doors
Zot:1 1 runed translucent door, exclusion: door, LobsterGuardian's ghost, legendary MiFi
Zot:5 3 runed translucent doors, Feng's ghost, veteran OnBe


Innate Abilities, Weirdness & Mutations

Your spellcasting is much less encumbered by armour.
You can use scrolls of enchantment on lesser artefacts.
You have hooves in place of feet.
You have a pair of small horns on your head.
You passively map a small area around you.
You are robust. (+10% HP)
You occasionally shout uncontrollably at your foes.
Your muscles are strong. (Str +4, Int/Dex -1)
Your pliable body absorbs attacks. (AC +2, EV +2)
Armour fits poorly on your pseudopods.
Your transparent skin significantly reduces your foes' accuracy. (Stealth+)
You have a small jelly attached to you that may absorb projectiles.
You have hidden genetic defects.


Message History

Reactivating autopickup.
There is a stone staircase leading down here.
Okay, then.
Press: ? - help, v - describe, . - travel
Here: Sesex (surrounded by acidic fog)
The floor.
Unknown command.
Aiming: Dig
Press: ? - help, Shift-Dir - straight line This square is covered in magical glow.
The rock shatters into small pieces.
Sesex closely misses you. You block Sesex's attack.
Blink to where?
Press: ? - help, Dir - move target
As you read the scroll of blinking, it crumbles to dust.
There is an escape hatch in the ceiling here.
A mysterious force pulls you upwards. The hatch slams shut behind you.
You feel better.
You feel better.
You feel better.
You feel better.
There is an escape hatch in the ceiling here.
A mysterious force pulls you upwards. The hatch slams shut behind you.
There is a stone staircase leading up here.
You climb upwards.
There is a stone staircase leading down here.
There is an escape hatch in the ceiling here.
A mysterious force pulls you upwards. The hatch slams shut behind you.
A Tzitzimitl comes into view.
The Tzitzimitl moves out of view.
You can't go up here!
There is an escape hatch in the ceiling here.
A mysterious force pulls you upwards. The hatch slams shut behind you.
HP restored.
You see here a scarf of invisibility.
Things that are here:
a +0 short sword; a +0 club; a kobold skeleton You see here 2 stones.
There is a staircase leading out of the dungeon here.
You have escaped!

.....######..#.## #.#
#...........###.# #.#
#.#########..#.## #.#
#.# ###.#.## #.# ..#
#...#.# #.# ###
###############.##
.####...##...##..#.#.#
#.##.##.##.##....##..#
##...###(.#.###.@###.#
..#### #..###....# #.#
##### ##.#.#.##.[# #.#
.##.###.##..###### #.#
####...######.# #.#
#########..##.# #.#
..# #.#.##.##.# #.#
..# #.#....##.# #.#
.## #.####.##.# #.#


There were no monsters in sight!

Vanquished Creatures
  5 dread liches (Zot:5)
  4 orbs of fire
  An ancient lich (Zot:5)
  A juggernaut (Depths:3)
  3 Killer Klowns (Zot:5)
  Vv (Zot:1)
  2 curse toes
  7 golden dragons
  Vashnia (Snake:2)
  Norris (Vaults:1)
  3 electric golems
  A hellephant (Depths:2)
  14 tentacled monstrosities
  Jorgrun (D:12)
  29 Orb Guardians
  3 liches
  A titan (Shoals:4)
  4 sphinxes
  Frances (Snake:2)
  9 death cobs
  8 quicksilver dragons
  Gastronok (Orc:1)
  Kirke (Lair:2)
  Aizul (Snake:2)
  4 storm dragons
  8 nagarajas
  4 fire giants
  Donald (Elf:2)
  9 shadow dragons
  4 draconian knights
  2 protean progenitors (Zot:3)
  4 draconian monks
  2 frost giants
  A draconian scorcher (Zot:3)
  2 draconian shifters
  An iron dragon (Depths:2)
  A deep elf sorcerer (Elf:1)
  11 vault wardens
  4 ghost moths
  2 orc warlords (Vaults:3)
  13 slime creatures
  A curse skull (Vaults:3)
  A draconian stormcaller (Zot:2)
  A draconian annihilator (Zot:4)
  15 ironbound preservers
  A spriggan defender (Depths:4)
  15 very ugly things
  6 vampire knights
  2 black draconians (Zot:4)
  6 green draconians
  6 stone giants
  2 bunyips (Zot:3)
  5 ironbound thunderhulks
  4 white draconians
  4 spark wasps
  A deep elf annihilator (Elf:1)
  A purple draconian (Zot:3)
  A war gargoyle (Vaults:2)
  4 yellow draconians
  2 red draconians (Zot:4)
  16 dire elephants
  A blizzard demon (D:14)
  5 merfolk javelineers
  Josephine (Orc:1)
  3 ettins
  2 crystal guardians
  11 merfolk impalers
  3 entropy weavers
  4 fire dragons
  4 rakshasas
  4 ice dragons
  6 yaktaur captains
  An entropy weaver (shapeshifter) (Elf:1)
  Fannar (D:11)
  2 merfolk avatars (Shoals:3)
  3 spriggan air magi
  2 peacekeepers
  7 vault guards
  6 ironbound frosthearts
  Erolcha (D:9)
  10 hydras
  4 salamander tyrants
  3 catoblepae
  14 centaur warriors
  2 death knights
  7 boulder beetles
  6 satyrs
  2 merfolk aquamancers
  6 ogre magi
  9 two-headed ogres
  7 anacondas
  A deep troll earth mage (D:15)
  6 dancing weapons (Elf:2)
  3 tengu warriors
  7 naga warriors
  7 deep troll shamans
  21 death yaks
  5 hell hogs (Depths:2)
  24 naga sharpshooters
  2 occultists
  2 orc high priests (Orc:2)
  5 spriggan berserkers
  9 shock serpents
  A sun demon (D:10)
  6 spriggans
  10 skysharks
  Amaemon (Lair:1)
  3 deep elf knights (Elf:2)
  5 iron trolls
  5 salamander mystics
  A sixfirhy (Depths:2)
  37 deep trolls
  2 spectral anacondas (Snake:1)
  5 deep elf archers
  4 mana vipers
  4 arcanists
  2 naga ritualists
  4 sea snakes (Shoals:4)
  2 flayed ghosts
  7 lindwurms
  18 ironbound convokers
  2 phantasmal warriors (Depths:4)
  2 steelbarb worms (Zot:3)
  8 harpies
  An obsidian statue (Snake:4)
  6 orc knights
  7 deep elf pyromancers
  2 necromancers (D:14)
  A wolf spider (D:12)
  12 deep elf zephyrmancers
  30 ugly things
  6 orc sorcerers
  9 cyclopes
  A salamander (shapeshifter) (Elf:1)
  17 manticores
  18 salamanders
  5 kobold blastminers
  An oklob plant (Orc:1)
  8 guardian serpents
  12 elephants
  A moth of wrath (shapeshifter) (Vaults:2)
  15 fauns
  4 meliai
  21 moths of wrath
  6 water nymphs
  A torpor snail (shapeshifter) (Vaults:2)
  7 merfolk sirens
  12 naga magi
  Joseph (Lair:1)
  32 black mambas
  3 spectral sea snakes (Snake:1)
  17 vault sentinels
  2 smoke demons (Depths:2)
  12 cane toads
  2 unseen horrors
  An orange demon (Lair:1)
  A yaktaur (shapeshifter) (D:12)
  2 kobold demonologists
  2 hellions
  3 rime drakes
  An efreet (D:14)
  A freezing wraith (D:12)
  3 anaconda simulacra (Snake:1)
  21 yaktaurs
  29 merfolk
  14 komodo dragons
  A guardian mummy (Depths:3)
  Psyche (D:12)
  5 tengu conjurers
  10 trolls
  2 spectral nagas (Snake:1)
  A sea snake skeleton (Snake:1)
  A hellwing (Zot:3)
  Prince Ribbit (D:7)
  11 polar bears
  5 wind drakes
  11 hornets
  A raiju (shapeshifter) (Elf:1)
  8 snapping turtles
  2 spectral guardian serpents (Snake:1)
  28 blink frogs
  11 dream sheep
  3 shadows
  A guardian serpent skeleton (Snake:1)
  25 water elementals
  9 wraiths
  11 air elementals
  3 vampires
  9 wyverns
  46 yaks
  2 hogs (Lair:2)
  A human (shapeshifter) (D:15)
  16 fire elementals
  7 basilisks
  2 sea snake simulacra (Snake:1)
  3 redbacks
  A warg (D:15)
  2 steam dragons
  8 vampire mosquitoes (D:12)
  Grum (D:8)
  30 nagas
  A redback simulacrum (D:15)
  2 acid dragons
  15 water moccasins
  2 guardian serpent simulacra (Snake:1)
  18 orc warriors
  A sky beast (shapeshifter) (Elf:1)
  8 black bears
  3 laughing skulls
  10 ogres
  5 ice beasts
  20 centaurs
  7 wolves
  2 phantoms
  4 kobold brigands
  7 bullfrogs
  2 gnoll sergeants
  2 naga simulacra (Snake:1)
  3 scorpions
  3 earth elementals
  14 wights
  A killer bee (D:7)
  5 electric eels
  7 howler monkeys
  2 lava snakes (Lair:3)
  4 bombardier beetles
  2 hounds
  2 jellies
  3 gnoll boudas
  17 orc priests
  Crazy Yiuf (D:2)
  49 orc wizards
  A sleepcap (D:5)
  2 iguanas
  Natasha (D:3)
  5 hell rats (Lair:5)
  Robin (D:1)
  7 adders
  19 gnolls
  3 white imps
  2 ufetubi (D:7)
  A dart slug (D:4)
  2 ribbon worms
  63 orcs
  7 endoplasms
  3 giant cockroaches
  12 goblins
  8 hobgoblins
  4 jackals (D:3)
  2 quokkas
  9 ball pythons
  A bat (D:1)
  3 frilled lizards
  13 kobolds
  4 rats
  An aspiring flesh (Zot:3)
1653 creatures vanquished.

Vanquished Creatures (collateral kills)
  A shadow dragon (Zot:3)
  An orc (D:4)
  A kobold (D:4)
3 creatures vanquished.

Vanquished Creatures (others)
  A sphinx (Vaults:1)
  An azure jelly (Zot:5)
  2 vault wardens
  2 formless jellyfish
  2 ironbound preservers (Vaults:4)
  A black draconian (Zot:1)
  A vampire knight (Depths:4)
  A green draconian (Zot:1)
  A vault guard (Vaults:3)
  2 great orbs of eyes
  A centaur warrior (Vaults:3)
  A naga sharpshooter (Snake:4)
  2 glowing orange brains (Depths:4)
  An arcanist (Vaults:4)
  A deep troll (Vaults:2)
  A deep elf pyromancer (Elf:2)
  A deep elf zephyrmancer (Elf:2)
  An ironbound convoker (Vaults:2)
  A moth of wrath (Zot:1)
  An eye of devastation (shapeshifter) (Vaults:2)
  8 slime creatures
  2 water elementals
  2 humans (Lair:3)
  A yak (Lair:3)
  A naga (Snake:4)
  An orc warrior (Orc:2)
  4 boggarts (Vaults:1)
  A small abomination (Zot:1)
  A spectral naga (Snake:1)
  124 jellies
  2 orc wizards
  43 foxfires
  8 tentacles (Shoals:1)
223 creatures vanquished.

Grand Total: 1879 creatures vanquished

Notes
Turn   | Place    | Note
-------+----------+-------------------------------------------
     0 | D:1      | whatisthis the Mountain Dwarf Cinder Acolyte began the
                  | quest for the Orb.
     0 | D:1      | Reached XP level 1. HP: 19/19 MP: 2/2
   208 | D:1      | Reached XP level 2. HP: 26/26 MP: 3/3
   867 | D:2      | Identified the +3 war axe of the Growing Fool {holy, +Blink
                  | Str+3}
   899 | D:2      | Reached XP level 3. HP: 33/33 MP: 4/4
   902 | D:2      | Noticed Robin
   938 | D:1      | Killed Robin
  1089 | D:2      | Found a faded altar of an unknown god.
  1100 | D:2      | Reached XP level 4. HP: 41/41 MP: 5/5
  1193 | D:2      | You fall into a shaft and drop 2 floors!
  1222 | D:4      | Identified the amulet of Enkouw {Regen+ rCorr Int+2}
  1258 | D:3      | Reached skill level 5 in Maces & Flails
  1613 | D:3      | Found a sacrificial altar of Ru.
  1716 | D:2      | Reached skill level 5 in Fighting
  1950 | D:2      | Found a runed translucent door.
  1951 | D:2      | Noticed Crazy Yiuf
  2186 | D:3      | Noticed an ogre
  2252 | D:4      | Noticed a water moccasin
  2263 | D:4      | Reached XP level 5. HP: 48/48 MP: 6/6
  2350 | D:4      | Noticed a black bear
  2350 | D:4      | Noticed a phantom
  2405 | D:4      | Noticed Natasha
  2524 | D:3      | Killed Natasha
  2525 | D:3      | Reached skill level 1 in Armour
  2642 | D:4      | Noticed an ogre
  2651 | D:4      | Killed an ogre
  2652 | D:4      | Reached XP level 6. HP: 22/57 MP: 7/7
  2906 | D:4      | Reached XP level 7. HP: 58/63 MP: 8/8
  3280 | D:5      | Entered Level 5 of the Dungeon
  3759 | D:5      | Reached XP level 8. HP: 71/73 MP: 9/9
  3850 | D:5      | Found a blossoming altar of Fedhas.
  4054 | D:5      | Reached skill level 5 in Armour
  4630 | D:6      | Found a staircase to the Ecumenical Temple.
  4665 | Temple   | Entered the Ecumenical Temple
  4953 | D:6      | Identified the +0 robe of Valour {rF+ Will+}
  5683 | D:7      | Noticed Prince Ribbit
  5708 | D:7      | Reached XP level 9. HP: 78/82 MP: 10/10
  5746 | D:7      | Killed Prince Ribbit
  6172 | D:7      | Reached skill level 10 in Maces & Flails
  6340 | D:7      | Noticed a red ugly thing
  6358 | D:7      | Killed a red ugly thing
  6459 | D:7      | Reached skill level 10 in Fighting
  6470 | D:7      | Found an ornate altar of the Wu Jian Council.
  6489 | D:7      | Found a bloodstained altar of Trog.
  6490 | D:7      | Found an iron altar of Okawaru.
  6492 | D:7      | Found a burning altar of Makhleb.
  6492 | D:7      | Found a basalt altar of Yredelemnul.
  6492 | D:7      | Found an opulent altar of Gozag.
  6492 | D:7      | Found a shimmering altar of Xom.
  6492 | D:7      | Found a snail-covered altar of Cheibriados.
  6493 | D:7      | Found a glowing golden altar of the Shining One.
  6811 | D:8      | Reached XP level 10. HP: 92/93 MP: 11/11
  6829 | D:8      | Noticed Grum
  6845 | D:8      | Killed Grum
  7326 | D:9      | Found Luulehaocs's Antique Armour Shoppe.
  7385 | D:9      | Found a hazy altar of Hepliaklqana.
  7485 | D:9      | Noticed Erolcha
  7505 | D:9      | HP: 3/94 [something (16)]
  7513 | D:9      | Killed Erolcha
  7629 | D:9      | Found Ycavoy's Gadget Gallery.
  7691 | D:9      | Found a staircase to the Lair.
  7883 | D:9      | Noticed a two-headed ogre
  7894 | D:9      | Killed a two-headed ogre
  7895 | D:9      | Reached skill level 10 in Armour
  8021 | D:9      | Found a radiant altar of Vehumet.
  8209 | Lair:1   | Entered Level 1 of the Lair of Beasts
  8240 | Lair:1   | Noticed Joseph
  8259 | Lair:1   | Reached XP level 11. HP: 88/102 MP: 12/12
  8296 | Lair:1   | Killed Joseph
  8412 | Lair:1   | Noticed Amaemon
  8446 | Lair:1   | Killed Amaemon
  8696 | Lair:1   | You fall into a shaft and drop 1 floor!
  9899 | Lair:2   | Reached XP level 12. HP: 89/115 MP: 13/13
 10373 | Lair:2   | Found a staircase to the Shoals.
 11184 | Lair:3   | Noticed Kirke
 11244 | Lair:2   | Noticed a sphinx
 11321 | Lair:2   | Killed Kirke
 11497 | Lair:3   | Reached skill level 15 in Maces & Flails
 12062 | Lair:3   | Found a staircase to the Snake Pit.
 12654 | Lair:4   | Reached skill level 1 in Shields
 12660 | Lair:4   | Noticed a boulder beetle
 12673 | Lair:3   | Killed a boulder beetle
 12674 | Lair:3   | Reached skill level 2 in Shields
 12758 | Lair:4   | Reached skill level 3 in Shields
 12765 | Lair:4   | Reached XP level 13. HP: 95/125 MP: 14/14
 12876 | Lair:4   | Reached skill level 4 in Shields
 13007 | Lair:3   | Reached skill level 5 in Shields
 13070 | Lair:4   | Found the +0 toga "Victory" {*Victory Clar}
 13092 | Lair:4   | Found a viscous altar of Jiyva.
 13092 | Lair:4   | Found a staircase to the Slime Pits.
 13143 | Lair:4   | Reached skill level 6 in Shields
 13394 | Lair:3   | Reached skill level 7 in Shields
 13900 | Lair:4   | Reached skill level 8 in Shields
 13961 | Lair:4   | Reached skill level 9 in Shields
 14158 | Lair:5   | Entered Level 5 of the Lair of Beasts
 14369 | Lair:5   | Reached skill level 10 in Shields
 14489 | Lair:5   | Reached skill level 11 in Shields
 14694 | Lair:5   | Reached skill level 12 in Shields
 14907 | Lair:4   | Reached XP level 14. HP: 120/133 MP: 15/15
 15056 | Lair:5   | Reached skill level 13 in Shields
 15665 | Lair:5   | Reached skill level 14 in Shields
 16127 | Lair:5   | Reached skill level 15 in Shields
 16685 | D:10     | Entered Level 10 of the Dungeon
 16793 | D:10     | Found a broken altar of Ashenzari.
 17115 | D:10     | Found Janlug's Magic Scroll Shop.
 17586 | D:11     | Found Yman's Weapon Boutique.
 17809 | D:11     | Found a staircase to the Orcish Mines.
 17959 | D:11     | Found Qepoq's General Store.
 17963 | D:11     | Found Viogguju's Magic Scroll Emporium.
 17977 | D:11     | Bought a scroll of acquirement for 676 gold pieces
 17977 | D:11     | Acquired a +0 eveningstar of draining
 18229 | D:11     | Found Jouq's Distillery.
 18503 | D:12     | Found a runed translucent door.
 18595 | D:12     | Noticed a red very ugly thing
 18625 | D:12     | Reached skill level 15 in Fighting
 18785 | D:12     | Found a transporter.
 18790 | D:12     | Found a transporter.
 18802 | D:12     | Found a transporter.
 18835 | D:12     | Found a transporter.
 19207 | D:12     | Noticed Jorgrun
 19238 | D:12     | Killed Jorgrun
 19380 | D:12     | Noticed Psyche
 19389 | D:12     | Killed Psyche
 19468 | D:12     | Reached XP level 15. HP: 128/141 MP: 16/16
 19903 | D:12     | Identified the +1 hat "Tisy" {rF+ rCorr Str+2}
 19904 | D:12     | Identified the +9 dagger of the Elven Halls {heavy,
                  | ^Fragile rElec Str+3}
 20936 | D:13     | Identified the +8 spear of Loemo {venom, rElec rF+++ Str-4
                  | Int-4}
 21199 | D:13     | Reached skill level 15 in Armour
 21280 | D:13     | Identified the staff of Ynonnitu {rElec rF+ Fire}
 22285 | D:14     | Found a gate to the Vaults.
 22428 | D:15     | Entered Level 15 of the Dungeon
 22691 | D:15     | Paralysed by an ogre mage for 3 turns
 23202 | D:15     | Paralysed by an ogre mage for 5 turns
 23363 | D:14     | Reached XP level 16. HP: 149/154 MP: 17/17
 23496 | D:15     | Found a staircase to the Depths.
 24108 | D:2      | Killed Crazy Yiuf
 24290 | Orc:1    | Entered Level 1 of the Orcish Mines
 24507 | Orc:1    | You fall into a shaft and drop 1 floor!
 24507 | Orc:2    | Entered Level 2 of the Orcish Mines
 24555 | Orc:2    | Found a staircase to the Elven Halls.
 24615 | Orc:1    | Noticed Fannar
 24616 | Orc:1    | Noticed Gastronok
 24649 | D:11     | Killed Fannar
 24688 | Orc:1    | Killed Gastronok
 25234 | Orc:1    | Noticed Josephine
 25249 | Orc:1    | Killed Josephine
 25923 | Orc:2    | Found Fubb's General Store.
 25923 | Orc:2    | Found Ressir's Antique Weapon Boutique.
 25924 | Orc:2    | Found Zeafiev's General Store.
 25928 | Orc:2    | Found Uceuh's Antique Armour Shop.
 26093 | Orc:2    | Bought a scroll of fear for 68 gold pieces
 26093 | Orc:2    | Bought a scroll of identify for 34 gold pieces
 26098 | Orc:2    | Bought a scroll of identify for 28 gold pieces
 26098 | Orc:2    | Bought a +2 kite shield for 231 gold pieces
 26098 | Orc:2    | Bought 6 curare-tipped darts for 100 gold pieces
 26195 | D:11     | Bought a scroll of identify for 26 gold pieces
 26195 | D:11     | Bought a scroll of enchant weapon for 97 gold pieces
 26195 | D:11     | Bought a scroll of identify for 26 gold pieces
 26195 | D:11     | Bought a scroll of teleportation for 39 gold pieces
 26195 | D:11     | Bought a scroll of butterflies for 52 gold pieces
 26195 | D:11     | Bought a scroll of identify for 26 gold pieces
 26195 | D:11     | Bought a scroll of identify for 26 gold pieces
 26195 | D:11     | Bought a scroll of identify for 26 gold pieces
 26287 | D:11     | Bought a scroll of teleportation for 33 gold pieces
 26330 | D:10     | Bought a scroll of enchant armour for 90 gold pieces
 26330 | D:10     | Bought a scroll of revelation for 90 gold pieces
 26330 | D:10     | Bought a scroll of teleportation for 36 gold pieces
 26330 | D:10     | Bought 3 scrolls of fear for 144 gold pieces
 26330 | D:10     | Bought a scroll of revelation for 90 gold pieces
 26330 | D:10     | Bought a scroll of enchant armour for 90 gold pieces
 26387 | D:11     | Bought a potion of heal wounds for 85 gold pieces
 26387 | D:11     | Bought a potion of heal wounds for 85 gold pieces
 26387 | D:11     | Bought a potion of heal wounds for 85 gold pieces
 26546 | Snake:1  | Entered Level 1 of the Snake Pit
 26637 | Snake:1  | Reached skill level 1 in Throwing
 28428 | Snake:2  | Identified the +3 flail of the Poles {venom, Int+4}
 28655 | Snake:2  | Reached skill level 5 in Throwing
 28833 | Snake:2  | Noticed Vashnia
 28885 | Snake:2  | Killed Vashnia
 28886 | Snake:2  | Reached XP level 17. HP: 58/166 MP: 18/18
 29190 | Snake:2  | Noticed Frances
 29243 | Snake:2  | Killed Frances
 30039 | Snake:2  | Identified the +2 sling of Futuc {speed, rPois Int-5 Dex+2}
 30122 | Snake:2  | Identified the serpent talisman of Ogeugi {rN+ Will- Str+4}
 30122 | Snake:2  | Noticed Aizul
 30155 | Snake:2  | Killed Aizul
 30506 | Snake:3  | Acquired 943 gold pieces
 32153 | Snake:4  | Entered Level 4 of the Snake Pit
 32198 | Snake:4  | Found a flickering gateway to a bazaar.
 32234 | Bazaar   | Entered a bazaar
 32244 | Bazaar   | Found Searhiu's Magic Scroll Boutique.
 32253 | Bazaar   | Found Pigiab's Magic Scroll Shop.
 32260 | Bazaar   | Found Rowaig's Antique Armour Shop.
 32269 | Bazaar   | Found Ucoo's Magic Scroll Shop.
 32277 | Bazaar   | Bought a scroll of acquirement for 832 gold pieces
 32278 | Bazaar   | Acquired the amulet of Hike {Acrobat ^Drain rF+ MP+9
                  | Slay+5}
 32281 | Bazaar   | Bought a scroll of butterflies for 64 gold pieces
 32281 | Bazaar   | Bought a scroll of blinking for 120 gold pieces
 32288 | Bazaar   | Bought a crude helmet for 190 gold pieces
 32288 | Bazaar   | Identified the +1 helmet "Dygunun" {rPois rF- rC++ Int-2}
                  | (You bought it in a shop in a bazaar)
 32296 | Bazaar   | Bought a scroll of enchant weapon for 82 gold pieces
 32296 | Bazaar   | Bought a scroll of teleportation for 33 gold pieces
 32305 | Bazaar   | Bought a scroll of blinking for 90 gold pieces
 33071 | Snake:4  | Found Zycux's Distillery.
 33490 | Snake:3  | HP: 2/170 [shock serpent (11)]
 34795 | Snake:4  | Noticed a quicksilver dragon
 34819 | Snake:4  | Killed a quicksilver dragon
 35140 | Snake:4  | Got a serpentine rune of Zot
 35533 | Snake:4  | Bought a potion of curing for 42 gold pieces
 35534 | Snake:4  | Upgraded the game from 0.32-a0-361-g289a535e89 to
                  | 0.32-a0-433-g08bcfe7efd
 35685 | Lair:4   | Fell from the grace of Ignis
 35685 | Lair:4   | Became a worshipper of Jiyva Juzalaec the Shapeless
 35780 | Shoals:1 | Entered Level 1 of the Shoals
 35787 | Shoals:1 | Reached XP level 18. HP: 180/180 MP: 19/19
 35957 | Shoals:1 | Reached skill level 16 in Shields
 35971 | Shoals:1 | Found a glacial archway.
 35977 | Shoals:1 | Found a transporter.
 35979 | Shoals:1 | Found a transporter.
 36174 | Shoals:1 | Reached * piety under Jiyva
 36175 | Shoals:1 | Found a transporter.
 36180 | Shoals:1 | Found a transporter.
 36185 | Shoals:1 | Found Myr Jas's General Store.
 36345 | Shoals:1 | Found a transporter.
 36347 | Shoals:1 | Found a transporter.
 36537 | Shoals:2 | Reached ** piety under Jiyva
 36597 | Shoals:2 | Found a blossoming altar of Fedhas.
 37035 | Shoals:3 | Reached *** piety under Jiyva
 37102 | Shoals:3 | Identified the +1 quarterstaff of Entrepreneurial Spirit
                  | {freeze, SInv}
 37234 | Shoals:3 | Identified the +0 pair of boots of the Gloaming {rN+}
 37470 | Shoals:3 | Reached skill level 17 in Shields
 37535 | Shoals:3 | Gained mutation: You have sharp toenails. [Jiyva's grace]
 37535 | Shoals:3 | Gained mutation: You have razor-sharp toenails. [Jiyva's
                  | grace]
 37535 | Shoals:3 | Gained mutation: You have claws for feet. [Jiyva's grace]
 37535 | Shoals:3 | Gained mutation: Your rubbery body absorbs attacks. (AC +1,
                  | EV +1) [Jiyva's grace]
 37633 | Shoals:4 | Entered Level 4 of the Shoals
 37640 | Shoals:4 | Paralysed by an air elemental for 1 turns
 37648 | Shoals:4 | Paralysed by an air elemental for 1 turns
 37678 | Shoals:4 | Paralysed by an air elemental for 1 turns
 37780 | Shoals:4 | Paralysed by an air elemental for 1 turns
 37808 | Shoals:4 | Paralysed by an air elemental for 1 turns
 37811 | Shoals:4 | Paralysed by an air elemental for 1 turns
 38039 | Shoals:4 | Paralysed by an air elemental for 1 turns
 38133 | Shoals:4 | Paralysed by an air elemental for 1 turns
 38139 | Shoals:4 | Paralysed by an air elemental for 1 turns
 38381 | Shoals:4 | Got a barnacled rune of Zot
 38386 | Shoals:4 | Identified the staff "Leviticus" {rPois rCorr Alchemy}
 38444 | Shoals:4 | Reached skill level 18 in Shields
 38473 | Shoals:4 | Identified the +1 ring mail of Hepliaklqana's Regard {rPois
                  | rC++ Int-4 Dex+3}
 38680 | Shoals:1 | Bought a scroll of teleportation for 45 gold pieces
 38680 | Shoals:1 | Bought a scroll of teleportation for 45 gold pieces
 38848 | Vaults:1 | Entered Level 1 of the Vaults
 38957 | Vaults:1 | Reached XP level 19. HP: 169/193 MP: 20/20
 38963 | Vaults:1 | You fall into a shaft and drop 1 floor!
 38993 | Vaults:2 | Found Letehaf's Antique Armour Boutique.
 39194 | Vaults:2 | Found Vagiyss's Jewellery Shoppe.
 39265 | Vaults:2 | Found Dukeczel's Weapon Emporium.
 39721 | Vaults:2 | Reached skill level 19 in Shields
 39928 | Vaults:1 | Noticed Norris
 39960 | Vaults:1 | Killed Norris
 40304 | Vaults:1 | Lost mutation: You have claws for feet. [Jiyva's grace]
 40304 | Vaults:1 | Lost mutation: You have razor-sharp toenails. [Jiyva's
                  | grace]
 40304 | Vaults:1 | Lost mutation: You have sharp toenails. [Jiyva's grace]
 40304 | Vaults:1 | Gained mutation: You have a pair of small horns on your
                  | head. [Jiyva's grace]
 40304 | Vaults:1 | Gained mutation: You have a pair of horns on your head.
                  | [Jiyva's grace]
 40304 | Vaults:1 | Gained mutation: You have a pair of large horns on your
                  | head. [Jiyva's grace]
 40304 | Vaults:1 | Gained mutation: You have a small jelly attached to you
                  | that may absorb projectiles. [Jiyva's grace]
 40558 | Vaults:1 | Was forgiven by Ignis
 40645 | Vaults:1 | Reached **** piety under Jiyva
 41196 | Vaults:2 | Found Vacowk's Antique Weapon Emporium.
 41284 | Vaults:2 | Reached skill level 20 in Shields
 41642 | Vaults:2 | Reached ***** piety under Jiyva
 42011 | Vaults:3 | Reached XP level 20. HP: 97/206 MP: 21/21
 42188 | Vaults:3 | Lost mutation: You have a pair of large horns on your head.
                  | [Jiyva's grace]
 42188 | Vaults:3 | Gained mutation: You have sharp fingernails. [Jiyva's
                  | grace]
 42188 | Vaults:3 | Gained mutation: You have very sharp fingernails. [Jiyva's
                  | grace]
 42188 | Vaults:3 | Gained mutation: You have claws for hands. [Jiyva's grace]
 42188 | Vaults:3 | Gained mutation: You have a small jelly attached to you
                  | that senses nearby items. [Jiyva's grace]
 42236 | Vaults:3 | Found Cyumev's Armour Shoppe.
 42874 | Vaults:3 | Found a staircase to the Crypt.
 43916 | Vaults:4 | Reached skill level 21 in Shields
 44286 | Vaults:4 | Lost mutation: You have claws for hands. [Jiyva's grace]
 44286 | Vaults:4 | Lost mutation: You have a small jelly attached to you that
                  | senses nearby items. [Jiyva's grace]
 44286 | Vaults:4 | Lost mutation: You have a small jelly attached to you that
                  | may absorb projectiles. [Jiyva's grace]
 44286 | Vaults:4 | Gained mutation: Armour fits poorly on your pseudopods.
                  | [Jiyva's grace]
 44286 | Vaults:4 | Gained mutation: Armour fits poorly on your large
                  | pseudopods. [Jiyva's grace]
 44286 | Vaults:4 | Gained mutation: Armour fits poorly on your massive
                  | pseudopods. [Jiyva's grace]
 44286 | Vaults:4 | Gained mutation: You have a small jelly attached to you
                  | that may absorb projectiles. [Jiyva's grace]
 45058 | Elf:1    | Entered Level 1 of the Elven Halls
 45058 | Elf:1    | Found a runed translucent gate.
 45058 | Elf:1    | Found a runed translucent gate.
 45058 | Elf:1    | Found a runed translucent gate.
 45058 | Elf:1    | Found a runed translucent gate.
 45058 | Elf:1    | Found a runed translucent gate.
 45058 | Elf:1    | Found a runed translucent gate.
 45059 | Elf:1    | Found a runed translucent door.
 45083 | Elf:1    | Found a runed translucent door.
 45193 | Elf:1    | Found Favinyuwn's Book Shoppe.
 45237 | Elf:1    | Noticed Roxanne
 45474 | Elf:1    | Got Sif Muna's Commentary on the Crucible
 45492 | Elf:1    | Reached ****** piety under Jiyva
 45576 | Elf:1    | Found a radiant altar of Vehumet.
 45884 | Elf:2    | Noticed Donald
 45898 | Elf:2    | Killed Donald
 45920 | Elf:2    | Paralysed by an air elemental for 1 turns
 46291 | Elf:2    | Found a huge runed translucent gate.
 46291 | Elf:2    | Found a huge runed translucent gate.
 46291 | Elf:2    | Found a huge runed translucent gate.
 46291 | Elf:2    | Found a huge runed translucent gate.
 46291 | Elf:2    | Found a huge runed translucent gate.
 46349 | Elf:2    | Lost mutation: You have very sharp fingernails. [Jiyva's
                  | grace]
 46349 | Elf:2    | Lost mutation: You have a pair of horns on your head.
                  | [Jiyva's grace]
 46349 | Elf:2    | Lost mutation: Your rubbery body absorbs attacks. (AC +1,
                  | EV +1) [Jiyva's grace]
 46349 | Elf:2    | Lost mutation: Armour fits poorly on your massive
                  | pseudopods. [Jiyva's grace]
 46349 | Elf:2    | Gained mutation: Your melee attacks may engulf your foes in
                  | ooze. [Jiyva's grace]
 46349 | Elf:2    | Gained mutation: Your rubbery body absorbs attacks. (AC +1,
                  | EV +1) [Jiyva's grace]
 46349 | Elf:2    | Gained mutation: Your pliable body absorbs attacks. (AC +2,
                  | EV +2) [Jiyva's grace]
 46349 | Elf:2    | Gained mutation: Your gelatinous body deflects attacks. (AC
                  | +3, EV +3) [Jiyva's grace]
 46601 | Slime:1  | Entered Level 1 of the Pits of Slime
 46639 | Slime:5  | Entered Level 5 of the Pits of Slime
 46645 | Slime:5  | Got Unyrar's Directory of the Hiemal Quake
 46657 | Slime:5  | Got a slimy rune of Zot
 46660 | Slime:5  | Got a starry gem with 543 turns to spare
 46714 | Slime:5  | Found a viscous altar of Jiyva.
 46780 | Slime:5  | Identified the ring "Meniydy" {rPois rC++ Will- EV+5 Str+3}
 46829 | Slime:5  | Noticed the Royal Jelly
 46835 | Slime:5  | Identified the staff "Oxkouwi" {Str+4 Dex-4 Earth}
 46837 | Slime:5  | Identified the +6 sling of False Hope {freeze, Will+}
 46840 | Slime:5  | Identified the ring "Igruvyge" {Will- Int+6 Dex+4}
 46842 | Slime:5  | Identified the ring of Riac {rC+ Int+3 SInv}
 46890 | Slime:5  | Identified the +2 leather armour "Veorel" {*Corrode rN+
                  | Dex+4}
 46892 | Slime:5  | Identified the +2 long sword of Dung {freeze, Int+4}
 46893 | Slime:5  | Identified the +3 battleaxe of Bothrote {flame, Str+4 Int+2
                  | Dex+3}
 47263 | Depths:1 | Entered Level 1 of the Depths
 47263 | Depths:1 | Found a one-way gate to the infinite horrors of the Abyss.
 47466 | Depths:1 | Found a hide-covered altar of Uskayaw.
 47499 | Depths:1 | Found a gateway to Hell.
 47893 | Depths:2 | Reached skill level 22 in Shields
 47954 | Depths:2 | Found Erusmim's General Store.
 47958 | Depths:2 | Bought a potion of heal wounds for 100 gold pieces
 47958 | Depths:2 | Bought a scroll of blinking for 150 gold pieces
 47958 | Depths:2 | Bought a potion of curing for 60 gold pieces
 48069 | Depths:2 | Identified the amulet "Patsow" {Acrobat Will+ Str+3}
 48123 | Depths:2 | Found a one-way gate leading to the halls of Pandemonium.
 48162 | Depths:2 | Found a one-way gateway to a ziggurat.
 48640 | Depths:2 | Reached XP level 21. HP: 199/218 MP: 22/22
 49192 | Depths:2 | Lost mutation: Your melee attacks may engulf your foes in
                  | ooze. [Jiyva's grace]
 49192 | Depths:2 | Gained mutation: Your translucent skin slightly reduces
                  | your foes' accuracy. (Stealth+) [Jiyva's grace]
 49192 | Depths:2 | Gained mutation: Your translucent skin reduces your foes'
                  | accuracy. (Stealth+) [Jiyva's grace]
 49192 | Depths:2 | Gained mutation: Your transparent skin significantly
                  | reduces your foes' accuracy. (Stealth+) [Jiyva's grace]
 49192 | Depths:2 | Gained mutation: You expend magic power (3 MP) to
                  | strengthen your wands. [Jiyva's grace]
 49371 | Depths:3 | Found Jonnuir's Distillery.
 49378 | Depths:3 | Bought a potion of might for 84 gold pieces
 49378 | Depths:3 | Bought a potion of curing for 63 gold pieces
 49394 | Depths:3 | Found a portal to a secret trove of treasure.
 50031 | Depths:3 | Reached skill level 23 in Shields
 50235 | Depths:4 | Entered Level 4 of the Depths
 50235 | Depths:4 | Noticed a juggernaut
 50246 | Depths:3 | Killed a juggernaut
 50343 | Depths:4 | Noticed a golden dragon
 50380 | Depths:4 | Killed a golden dragon
 50478 | Depths:4 | Found Xubif's Jewellery Shop.
 50587 | Depths:4 | Found Ocwisen's Armour Boutique.
 50633 | Depths:4 | Noticed a golden dragon
 50646 | Depths:4 | Killed a golden dragon
 50679 | Depths:4 | Noticed a golden dragon
 50708 | Depths:4 | Killed a golden dragon
 51096 | Depths:4 | Found a gate to the Realm of Zot.
 51835 | Snake:4  | Bought a potion of resistance for 140 gold pieces
 51835 | Snake:4  | Bought a potion of curing for 42 gold pieces
 51835 | Snake:4  | Bought a potion of curing for 42 gold pieces
 51835 | Snake:4  | Bought a potion of enlightenment for 70 gold pieces
 51835 | Snake:4  | Bought a potion of might for 56 gold pieces
 51835 | Snake:4  | Bought a potion of cancellation for 112 gold pieces
 52616 | Depths:3 | You paid a toll of 5 potions of resistance to enter a
                  | treasure trove
 52617 | Trove    | Entered a treasure trove
 52619 | Trove    | Found the ring of the Mage {Wiz Archmagi}
 52634 | Trove    | Identified the amulet "Woxuod" {Faith Harm rN+++ Slay-6
                  | Stlth-}
 52641 | Trove    | Identified the ring of Raoh {+Blink rC++ MP+9 Int+3 SInv}
 52651 | Trove    | Identified the ring of Amanagable {EV+5 Int+7}
 52653 | Trove    | Identified the ring "Hoischov" {rElec rF+ Slay+4 Stlth+}
 52655 | Trove    | Identified the amulet of Tim Olem {Reflect rElec Str+6
                  | SH+5}
 52659 | Trove    | Identified the ring of Fatis {rPois rF+ Will+ EV+5 Stlth+}
 52758 | Zot:1    | Entered Level 1 of the Realm of Zot
 52880 | Zot:1    | Noticed Vv
 52899 | Zot:1    | Killed Vv
 53074 | Zot:1    | Noticed LobsterGuardian's ghost (legendary MiFi)
 53078 | Zot:1    | Found a runed translucent door.
 53637 | Zot:2    | Lost mutation: You have sharp fingernails. [Jiyva's grace]
 53637 | Zot:2    | Gained mutation: Armour fits poorly on your massive
                  | pseudopods. [Jiyva's grace]
 53637 | Zot:2    | Gained mutation: You have hidden genetic potential.
                  | [Jiyva's grace]
 53637 | Zot:2    | Gained mutation: You have great hidden genetic potential.
                  | [Jiyva's grace]
 53637 | Zot:2    | Gained mutation: You have a small jelly attached to you
                  | that senses nearby items. [Jiyva's grace]
 53644 | Zot:2    | Reached skill level 24 in Shields
 53807 | Zot:2    | Noticed a golden dragon
 53820 | Zot:2    | Killed a golden dragon
 53834 | Zot:2    | Reached XP level 22. HP: 216/228 MP: 23/23
 53932 | Zot:2    | Noticed a curse toe
 53944 | Zot:2    | Killed a curse toe
 54373 | Zot:3    | Noticed a curse toe
 54516 | Zot:3    | Killed a curse toe
 54635 | Zot:3    | Found the amulet of Vitality {RegenMP++ Regen++}
 54661 | Zot:3    | Noticed a golden dragon
 54677 | Zot:3    | Reached skill level 10 in Throwing
 54681 | Zot:3    | Killed a golden dragon
 55160 | Zot:4    | Lost mutation: Your gelatinous body deflects attacks. (AC
                  | +3, EV +3) [Jiyva's grace]
 55160 | Zot:4    | Lost mutation: Armour fits poorly on your massive
                  | pseudopods. [Jiyva's grace]
 55160 | Zot:4    | Lost mutation: Armour fits poorly on your large pseudopods.
                  | [Jiyva's grace]
 55160 | Zot:4    | Lost mutation: You have great hidden genetic potential.
                  | [Jiyva's grace]
 55160 | Zot:4    | Gained mutation: You are robust. (+10% HP) [Jiyva's grace]
 55160 | Zot:4    | Gained mutation: You are very robust. (+20% HP) [Jiyva's
                  | grace]
 55160 | Zot:4    | Gained mutation: You are extremely robust. (+30% HP)
                  | [Jiyva's grace]
 55160 | Zot:4    | Gained mutation: You passively map a small area around you.
                  | [Jiyva's grace]
 55265 | Zot:4    | Noticed a golden dragon
 55274 | Zot:4    | Killed a golden dragon
 55389 | Zot:4    | Reached skill level 25 in Shields
 55650 | Zot:4    | Noticed an orb of fire
 55656 | Zot:4    | Gained mutation: You are occasionally teleported next to
                  | monsters. [an orb of fire]
 55670 | Zot:4    | Gained mutation: You occasionally shout uncontrollably at
                  | your foes. [an orb of fire]
 55671 | Zot:4    | Gained mutation: You occasionally lose the ability to read
                  | scrolls when taking damage. [an orb of fire]
 55676 | Zot:4    | Killed an orb of fire
 55687 | Zot:4    | Lost mutation: You are extremely robust. (+30% HP) [potion
                  | of mutation]
 55687 | Zot:4    | Lost mutation: You occasionally lose the ability to read
                  | scrolls when taking damage. [potion of mutation]
 55688 | Zot:4    | Lost mutation: You have a small jelly attached to you that
                  | senses nearby items. [potion of mutation]
 55688 | Zot:4    | Lost mutation: You are very robust. (+20% HP) [potion of
                  | mutation]
 55688 | Zot:4    | Lost mutation: You are occasionally teleported next to
                  | monsters. [potion of mutation]
 55688 | Zot:4    | Lost mutation: You expend magic power (3 MP) to strengthen
                  | your wands. [potion of mutation]
 55787 | Zot:5    | Entered Level 5 of the Realm of Zot
 55959 | Zot:5    | Gained mutation: You are agile. (Dex +4, Str/Int -1)
                  | [hidden potential]
 56122 | Zot:5    | Found a runed translucent gate.
 56122 | Zot:5    | Found a runed translucent gate.
 56123 | Zot:5    | Found a runed translucent gate.
 56123 | Zot:5    | Noticed Feng's ghost (veteran OnBe)
 56123 | Zot:5    | Noticed a golden dragon
 56124 | Zot:5    | Noticed a golden dragon
 56124 | Zot:5    | Noticed a curse toe
 56124 | Zot:5    | Identified the +2 cloak "Byokoik" {rPois rC- rN+++ Dex-5}
 56190 | Zot:5    | Noticed a dread lich
 56197 | Zot:5    | Paralysed by a dread lich for 5 turns
 56206 | Zot:5    | Killed a dread lich
 56303 | Zot:5    | Noticed a golden dragon
 56322 | Zot:5    | Killed a golden dragon
 56558 | Zot:5    | Noticed a Killer Klown
 56558 | Zot:5    | Noticed a dread lich
 56573 | Zot:5    | Noticed an ancient lich
 56575 | Zot:5    | Paralysed by something for 3 turns
 56597 | Zot:5    | Noticed a golden dragon
 56600 | Zot:5    | Noticed a golden dragon
 56629 | Zot:5    | Noticed an orb of fire
 56667 | Zot:5    | Killed a Killer Klown
 56668 | Zot:5    | Reached XP level 23. HP: 258/259 MP: 24/24
 56688 | Zot:5    | Noticed an orb of fire
 56688 | Zot:5    | Lost mutation: You are agile. (Dex +4, Str/Int -1) [an orb
                  | of fire]
 56697 | Zot:5    | Slimified an ancient lich
 56697 | Zot:5    | an ancient lich changed into an azure jelly
 56698 | Zot:5    | Gained mutation: You do not regenerate when monsters are
                  | visible. [an orb of fire]
 56704 | Zot:5    | Reached skill level 26 in Shields
 56704 | Zot:5    | Killed a dread lich
 56704 | Zot:5    | Noticed a dread lich
 56705 | Zot:5    | Gained mutation: You are weak. (Str -2) [an orb of fire]
 56707 | Zot:5    | Gained mutation: Your magical capacity is low. (-10% MP)
                  | [an orb of fire]
 56709 | Zot:5    | Noticed a dread lich
 56709 | Zot:5    | Noticed a Killer Klown
 56709 | Zot:5    | Noticed a dread lich
 56709 | Zot:5    | Noticed an orb of fire
 56710 | Zot:5    | Noticed a Killer Klown
 56711 | Zot:5    | Lost mutation: Your magical capacity is low. (-10% MP)
                  | [Jiyva's grace]
 56711 | Zot:5    | Lost mutation: You do not regenerate when monsters are
                  | visible. [Jiyva's grace]
 56711 | Zot:5    | Lost mutation: You are weak. (Str -2) [Jiyva's grace]
 56711 | Zot:5    | Lost mutation: You have hidden genetic potential. [Jiyva's
                  | grace]
 56711 | Zot:5    | Gained mutation: You have large cloven feet. [Jiyva's
                  | grace]
 56711 | Zot:5    | Gained mutation: You have hoof-like feet. [Jiyva's grace]
 56711 | Zot:5    | Gained mutation: You have hooves in place of feet. [Jiyva's
                  | grace]
 56711 | Zot:5    | Gained mutation: Your muscles are strong. (Str +4, Int/Dex
                  | -1) [Jiyva's grace]
 56957 | Zot:5    | Killed a Killer Klown
 57036 | Zot:5    | Killed an orb of fire
 57136 | Zot:5    | Killed an orb of fire
 57163 | Zot:5    | Killed a Killer Klown
 57221 | Zot:5    | Killed an orb of fire
 57413 | Zot:5    | Killed a dread lich
 57619 | Zot:5    | Killed a dread lich
 57664 | Zot:5    | Reached skill level 27 in Shields
 57804 | Zot:5    | Paralysed by a dread lich for 3 turns
 57815 | Zot:5    | Killed a dread lich
 57872 | Zot:5    | Noticed an ancient lich
 57882 | Zot:5    | Killed an ancient lich
 57883 | Zot:5    | Identified the +1 pair of boots "Bikugidgh" {Will+ Dex+3}
 57953 | Zot:5    | Got the Orb of Zot
 58078 | Zot:3    | Gained mutation: You have hidden genetic defects. [a
                  | cacodemon]
 58183 | Zot:1    | Noticed Syrghi Ecum the pandemonium lord
 58519 | D:7      | Noticed Sesex the pandemonium lord
 58609 | D:$      | Escaped with the Orb!

Illustrated notes

Levels and vault maps discovered:
D:1:      dpeg_arrival_signposts, layout_loops_ring
D:2:      layout_loops_cross, nicolae_ecumenical_oubliette, moated_statue,
          uniq_robin, uniq_crazy_yiuf_cottage
D:3:      layout_loops_cross, nicolae_ru_great_annihilating_truth
D:4:      minmay_clustersquares, layout_cave_pools,
          hangedman_abyss_or_decor_lesser_grid, uniq_natasha
D:5:      layout_cave_pools, general_overflow_altar, hangedman_decor_push,
          nicolae_eternal_life
D:6:      layout_basic, minmay_temple_entry_stoned_glass
D:7:      minmay_inner_zag, layout_rooms, nicolae_wu_jian_wuxing_cycle,
          grunt_temple_overflow_open, minmay_small_thing, uniq_prince_ribbit1
D:8:      layout_basic, chequers_garden, uniq_grum
D:9:      layout_roguey, nicolae_overflow_crystal_walls,
          mainiacjoe_overflow_tiny_flanked, david_lair_shrubbed,
          nicolae_stop_n_shop_2, nicolae_shop_gadgets, uniq_erolcha
D:10:     layout_basic, mainiacjoe_overflow_cross_hatched, serial_shops,
          kennysheep_mini, minmay_increasing_density
D:11:     layout_basic, kennysheep_orc_monster_closet_entryway, serial_glass,
          glass_columns_c, glass_columns_c, glass_columns_b, glass_columns_c,
          glass_columns_c, glass_columns_b, serial_shops, nicolae_shop_stone,
          nicolae_shop_competitors_out_of_business, shop, shop
D:12:     minmay_the_grid_triangle_9x9_recursive_3_mashed
          [minmay_the_grid_triangle_9x9_alien,
          minmay_the_grid_triangle_9x9_zippers_vertical,
          minmay_the_grid_triangle_9x9_cache,
          minmay_the_grid_triangle_9x9_prize_schism,
          minmay_the_grid_triangle_9x9_from_above,
          minmay_the_grid_triangle_9x9_wacky_v,
          minmay_the_grid_triangle_9x9_subtriangle,
          minmay_the_grid_triangle_9x9_descending_squares,
          minmay_the_grid_triangle_9x9_impossible_snake], layout_stronghold,
          nicolae_transporter_circle, uniq_psyche, uniq_jorgrun
D:13:     layout_rooms, minivault_25_ag, minmay_hollow_rounded_squares
D:14:     layout_basic, david_vaults_1, kennysheep_path_1
D:15:     hellmonk_depths_entry_around_the_bend, layout_loops_ring,
          grunt_decor_resistance
Temple:   nicolae_temple_ecumenical_triangle
Lair:1:   layout_cave_pods, chequers_serial_rivers_room_a, beast_lair_carwin_6,
          uniq_joseph, uniq_amaemon
Lair:2:   layout_cave_pods, elwin_shoals_entry_stream, grunt_megastairs_5
Lair:3:   layout_loops_ring, nicolae_snake_entry_warm_welcome, uniq_kirke
Lair:4:   layout_gridlike, dpeg_slime_entry_enclosed, serial_bayou,
          serial_bayou_pond_d, serial_bayou_pond_a, serial_bayou_lagoon_b,
          serial_bayou_shore_a
Lair:5:   grunt_lair_end_beastmaster, layout_regular_city, serial_bayou_shore_b,
          infiniplex_staircase_pool
Shoals:1: cheibrodos_shoals_satyrical_garden, layout_shoals,
          portal_ice_cave_entry_pillars_2, serial_shops, shop,
          serial_nicolae_subway, nicolae_sub_station_crystal,
          nicolae_sub_station_stone, nicolae_sub_station_metal
Shoals:2: layout_shoals, lemuel_centaur_altar
Shoals:3: layout_shoals, nicolae_shoals_loop_pool
Shoals:4: shoals_end_hellmonk_storm_palace [storm_palace_center_ruins,
          storm_palace_corner_reverse_hut, storm_palace_corner_pillars,
          storm_palace_corner_grid, storm_palace_corner_narrow]
Snake:1:  layout_chambers, nicolae_snake_the_dead_are_slithering
Snake:2:  layout_onion, grunt_megastairs_2, uniq_frances, uniq_aizul,
          uniq_vashnia
Snake:3:  nicolae_aizul_guard, layout_honeycomb, nicolae_triple_integral,
          lemuel_fruit_tree
Snake:4:  hellmonk_snake_rune_quicksilver_temple, layout_cave_town,
          serial_shops, statue_bzr, minmay_shop_star
Slime:1:  layout_caves
Slime:2:  layout_caves
Slime:3:  layout_caves
Slime:4:  nicolae_slime_jelly_donut, layout_caves,
          nicolae_slime_welcoming_committee
Slime:5:  slime_pit_nicolae_inversion
Orc:1:    hellmonk_paralyzer, layout_diamond_mine, abandoned_shop,
          mines3_lemuel, uniq_fannar, uniq_gastronok, uniq_josephine
Orc:2:    st_orc_mages, layout_caves
Elf:1:    nicolae_elf_arrival_dilemma, layout_geoelf_grid, serial_shops,
          nicolae_shop_hallway_plus, basic_altar,
          nicolae_elf_shapeshifter_party, minivault_5,
          nicolae_elf_stone_circles, uniq_roxanne
Elf:2:    elven_hall_of_blades_hangedman_alternative
          [nicolae_blade_entry_sentries_behind_glass], layout_loops_corners,
          serial_sigils, serial_sigils_hangedman_quiver,
          serial_sigils_hangedman_gut, serial_sigils_hangedman_gut,
          serial_sigils_hangedman_shear, serial_sigils_hangedman_shear,
          uniq_donald
Vaults:1: vaults_mumra_minichess_inversion, v_misc_9, v_misc_3,
          nicolae_vaults_closet_pinwheel_6, layout_vaults_omnigrid, uniq_norris
Vaults:2: nicolae_vaults_tetromino_Z_1, dpeg_vaults_waves,
          ontoclasm_vaults_shuriken, nicolae_vaults_variable_pillar_hall,
          nicolae_vaults_three_branches, v_misc_17, hangedman_vaults_corner,
          v_alt_pattern_6, nicolae_vaults_ring_of_whatevers, v_misc_33,
          v_misc_28, nicolae_vaults_little_squares_3, v_misc_23,
          layout_vaults_maze_bifur, serial_shops, shop,
          nicolae_shop_gaudy_bauble, shop, shop_coins
Vaults:3: v_misc_12, v_alt_pattern_4, v_misc_4, minmay_crypt_entry_simple_round,
          nicolae_vaults_lightning_bolt, nicolae_vaults_ring_of_whatevers,
          vaults_dpeg_diagonal, nicolae_vaults_wrenched, ontoclasm_vaults_fault,
          layout_vaults_chaotic_city, serial_shops, nicolae_shop_tiny_glass
Vaults:4: nicolae_vaults_bisected_inception, hangedman_vaults_slither,
          nicolae_vaults_little_squares_2, vaults_mumra_hex, v_misc_10,
          hangedman_vaults_corner_blocks, nicolae_vaults_heart-shaped_vault,
          nicolae_vaults_diamond_2, nicolae_vaults_closet_pinwheel_1,
          nicolae_vaults_tetromino_L_1, nicolae_vaults_house_3,
          layout_vaults_ring
Depths:1: layout_gridlike, hell_entry, abyss_entry,
          serial_library_hellmonk_secret_room, kennysheep_another_room,
          nicolae_uskayaw_dance_hall
Depths:2: cross_vault, layout_honeycomb, enter_ziggurat_b, grunt_hell_horde,
          serial_shops, shop, rand_demon_pan_entry_8,
          nicolae_figureground_sparkle
Depths:3: nicolae_BIG_FREAKIN_CUBE, layout_gridlike, hell_entry,
          nicolae_trove_entry_path_of_doom, serial_shops, shop,
          hangedman_decor_lopped, abyss_entry,
          nicolae_concentric_dashed_squares_wild
Depths:4: evilmike_zot_entry_diamond, layout_basic, pan_entry,
          grunt_decor_fettered, hell_entry, minmay_shoptagon
Zot:1:    layout_concentric_octagons, hellmonk_ghost_big_iron, uniq_vv
Zot:2:    layout_gridlike
Zot:3:    layout_onion_interference
Zot:4:    layout_gridlike, st_stairs_8, regret_index_zotdec_bone_old
Zot:5:    layout_concentric_octagons, gammafunk_ghost_tricky_traps

Skill      XL: |  1  2  3  4  5  6  7  8  9 10 11 12 13 14 15 16 17 18 19 20 21 22 23 |
---------------+----------------------------------------------------------------------+-----
Maces & Flails | 4 5 6 7 9 10 12 14 15 16 17 18 19 | 19.2
Fighting       | 4 5 6 7 8 10 11 13 14 15 16 18 20 22 23 25 26 | 26.0
Armour         | 2 3 4 6 8 10 11 13 14 15 16 17 18 | 18.5
Shields        | 3 12 15 18 20 22 24 25 27 | 27.0
Throwing       | 5 8 9 10 11 | 11.6
Spellcasting   | |  1.0
Fire Magic     | |  3.6

Action                     |  1- 3 |  4- 6 |  7- 9 | 10-12 | 13-15 | 16-18 | 19-21 | 22-24 || total
---------------------------+-------+-------+-------+-------+-------+-------+-------+-------++-------
  Melee: Mace              |    76 |   170 |   120 |       |       |       |       |       ||   366
         Flail             |       |       |   332 |   330 |    63 |       |       |       ||   725
         Morningstar       |       |       |    29 |    29 |     6 |       |       |       ||    64
         Demon whip        |       |       |       |   564 |  1017 |       |       |       ||  1581
         Unarmed           |       |       |       |     2 |       |       |       |       ||     2
         Eveningstar       |       |       |       |       |   761 |  1965 |  1684 |   628 ||  5038
         Kick              |       |       |       |       |       |   113 |   151 |    70 ||   334
         Headbutt          |       |       |       |       |       |       |   427 |   193 ||   620
         Pseudopods        |       |       |       |       |       |       |   247 |   189 ||   436
  Throw: Dart              |       |     3 |    52 |    21 |    41 |    18 |       |       ||   135
         Boomerang         |       |       |       |       |     2 |   291 |   119 |    34 ||   446
         Javelin           |       |       |       |       |       |       |     3 |     5 ||     8
 Invoke: Foxfire Swarm     |       |     1 |       |     4 |     1 |       |       |       ||     6
         Fiery Armour      |       |       |     1 |     3 |       |       |       |       ||     4
         Oozemancy         |       |       |       |       |       |     2 |     8 |     8 ||    18
         Slimify           |       |       |       |       |       |       |     1 |     3 ||     4
  Evoke: Wand              |       |     3 |     2 |    10 |    15 |    10 |     1 |     5 ||    46
         Phantom mirror    |       |       |       |       |       |     1 |       |       ||     1
    Use: Scroll            |       |       |    12 |     6 |    11 |    23 |     8 |    10 ||    70
         Potion            |       |       |     1 |     3 |     1 |     5 |     3 |    20 ||    33
   Stab: Paralysed         |       |     2 |       |       |       |       |       |       ||     2
         Petrified         |       |       |       |       |    10 |       |       |       ||    10
         Petrifying        |       |       |       |       |     1 |       |       |       ||     1
         Invisible         |       |       |       |       |       |     3 |       |       ||     3
 Armour: Leather armour    |    39 |    55 |       |       |       |       |       |       ||    94
         Ring mail         |       |    71 |    88 |       |       |       |       |       ||   159
         Scale mail        |       |       |   330 |       |       |       |       |       ||   330
         Chain mail        |       |       |    71 |   639 |       |       |       |       ||   710
         Plate armour      |       |       |       |    19 |  1471 |  1516 |   963 |    84 ||  4053
         Skin              |       |       |       |     6 |       |       |       |       ||     6
         Gold dragon scale |       |       |       |       |       |       |       |   305 ||   305
  Dodge: Dodged            |    50 |    95 |   271 |   219 |   332 |   453 |   482 |   222 ||  2124
  Block: Buckler           |       |       |       |    31 |       |       |       |       ||    31
         Kite shield       |       |       |       |    98 |   869 |   372 |       |       ||  1339
         Tower shield      |       |       |       |       |       |  1425 |  1557 |   624 ||  3606

Table legend: (Time is in decaauts)
 A = Elapsed time spent in this place.
 B = Non-inter-level travel time spent in this place.
 C = Inter-level travel time spent in this place.
 D = Time resting spent in this place.
 E = Time spent auto-exploring this place.
 F = Levels seen in this place.
 G = Mean time per level.
                   A        B        C        D        E       F      G
               +--------+--------+--------+--------+--------+-----+--------+
         Total |  57021 |  51408 |   5613 |   7770 |  20034 |  53 | 1075.9 |
       Dungeon |  16867 |  14870 |   1997 |   1319 |   7423 |  15 | 1124.5 |
        Temple |      3 |      2 |      1 |      0 |      0 |   1 |    3.0 |
          Lair |   8888 |   7761 |   1127 |   1238 |   2962 |   5 | 1777.6 |
        Shoals |   2690 |   2530 |    160 |    360 |      0 |   4 |  672.5 |
     Snake Pit |   9095 |   8585 |    510 |   2680 |   2940 |   4 | 2273.8 |
    Slime Pits |    435 |    349 |     86 |      0 |      0 |   5 |   87.0 |
  Orcish Mines |   1876 |   1769 |    107 |    181 |    884 |   2 |  938.0 |
   Elven Halls |   1303 |   1214 |     89 |     11 |    770 |   2 |  651.5 |
        Vaults |   6120 |   5199 |    921 |    794 |   1928 |   4 | 1530.0 |
        Depths |   4391 |   3864 |    527 |    128 |   2358 |   4 | 1097.8 |
           Zot |   5215 |   5130 |     85 |   1057 |    768 |   5 | 1043.0 |
        Bazaar |     80 |     80 |      0 |      0 |      0 |   1 |   80.0 |
         Trove |     54 |     54 |      0 |      0 |      0 |   1 |   54.0 |
               +--------+--------+--------+--------+--------+-----+--------+

Top non-repeatable levels by time:
 Snake:4: 2877 daAuts
 Snake:2: 2321 daAuts
  Lair:2: 2280 daAuts
   Zot:5: 2055 daAuts
    D:12: 1996 daAuts
  Lair:5: 1994 daAuts
 Snake:1: 1983 daAuts
 Snake:3: 1913 daAuts
  Lair:3: 1730 daAuts
Vaults:3: 1725 daAuts
Vaults:2: 1709 daAuts
Vaults:1: 1656 daAuts
    D:14: 1595 daAuts
  Lair:4: 1505 daAuts
     D:6: 1443 daAuts
